cohdb
Replays
Latest Replays
All Replays
Popular Replays
Top Player Replays
Match Explorer
How It Works
Community
CoH3 Stats
Reddit
Sign in to upload your games and track your stats! →
Sign in with Steam
Match 46779907
Unlisted
Match 46779907
Overview
Messages
Build Orders
End
Construct Infanterie Kompanie
Selects Luftwaffe Battlegroup
GrW 34 Mortar Team
MG 42 Machine Gun Team
Grenadier Squad
Grenadier Squad
Construct Panzergrenadier Kompanie
Selects Stuka Strafing Run
Panzergrenadier Squad
Stuka Strafing Run
Pak 40 Anti-tank Gun Team
Selects Luftwaffe Pioneer Support
Selects LG40 Recoilless Gun Paradrop
Panzergrenadier Officer Quarters
Stuka Strafing Run
Panzergrenadier Squad
Stuka Strafing Run
Construct Panzer Kompanie
Stuka Strafing Run
Stoßtruppen Squad
Stuka Strafing Run
Pak 40 Anti-tank Gun Team
Selects Infantry Reserves
Stuka Strafing Run
Stoßtruppen Squad
Medical Station
Stuka Strafing Run
Panzer IV Medium Tank
Stuka Strafing Run
Pioneer Squad
Phan
kamacura
Genkidama
nub
Ra11
[82AD] Janko
0
0
Comments
sign in to comment!
No comments posted yet!